 Dungeon Sprint DCSS version 0.20.1-1-g8b1a95d (webtiles) character file.

14700000 Groucho the Axe Maniac (level 27, 0/321 (323) HPs)
             Began as a Demonspawn Fighter on Oct 8, 2017.
             Was the Champion of Makhleb.
             Killed by divine providence
             ... invoked by an observer
              (7 damage)
             ... in the Dungeon (Sprint VIII: "Arena of Blood").
             The game lasted 00:07:34 (147 turns).

Groucho the Axe Maniac (Demonspawn Fighter)          Turns: 147, Time: 00:07:34

HP:   0/321 (323)   AC: 17    Str: 23    XL:     27
MP:   0/54          EV: 40    Int: 12    God:    Makhleb [******]
Gold: 0             SH:  0    Dex: 27    Spells: 80/80 levels left

rFire    . . .     SeeInvis +   h - +∞ Axe of Woe
rCold    + . .     Gourm    .   (shield currently unavailable)
rNeg     . . .     Faith    .   b - +0 scale mail
rPois    .         Spirit   +   (helmet unavailable)
rElec    .         Reflect  .   (no cloak)
rCorr    .         Harm     .   (no gloves)
MR       ++...     NoTele   +   (no boots)
Stlth    +++++++++.             (no amulet)
Regen    0.7/turn               (no ring)
MPRegen  0.7/turn               (no ring)

@: mighty, agile, lethally poisoned (0 -> -34), slowed, very slow
A: antennae 3, icy blue scales 3, powered by pain 3, robust 3, magic shield,
magic regeneration, magic link
a: Minor Destruction, Lesser Servant of Makhleb, Major Destruction, Greater
Servant of Makhleb, Renounce Religion


You were in the Dungeon.
You worshipped Makhleb.
Makhleb was exalted by your worship.
You were not hungry.

You visited 1 branch

Inventory:

Hand Weapons
 a - a +0 war axe
 h - the +∞ Axe of Woe (weapon)
   (You found it in the Dungeon)
Armour
 b - a +0 scale mail (worn)
 c - a +0 shield
Scrolls
 k - a scroll of blinking
Potions
 d - a potion of might
 e - a potion of curing
 i - 2 potions of magic
 j - a potion of berserk rage
Comestibles
 f - a bread ration


   Skills:
 O Level 27 Fighting
 O Level 27 Axes
 O Level 27 Throwing
 O Level 27 Armour
 O Level 27 Dodging
 O Level 27 Stealth
 O Level 27 Shields
 O Level 27 Unarmed Combat
 O Level 27 Spellcasting
 O Level 27 Invocations


You had 80 spell levels left.
You didn't know any spells.

Dungeon Overview and Level Annotations

Branches:
Dungeon (1/1)

Altars:
Makhleb

Annotations:
D The Meatlord


Innate Abilities, Weirdness & Mutations

You have a pair of large antennae on your head. (SInv)
You are completely covered in icy blue scales. (AC +4, rC+)
You are powered by pain.
You are extremely robust. (+30% HP)
When hurt, damage is shared between your health and your magic reserves.
You regenerate magic rapidly.
When low on magic, you restore magic in place of health.


Message History

The scourge throws poison at you. The bolt of poison misses you.
A sea snake, an orc and Dispater come into view.
The Meatlord is wielding the +7 sceptre of Torment.
The bag of meat shouts!
The Meatlord shouts, "Give in, thou odious idle-headed swadder!"
You slice the bag of meat!!
You pulverise the bag of meat into a thin bloody mist.
You kill the bag of meat!
Makhleb accepts your kill.
You are engulfed in blazing flames.
* * * LOW HITPOINT WARNING * * *
You focus on the pain.
You feel mightier all of a sudden.
* * * LOW HITPOINT WARNING * * *
You feel very sick.
You hear a shout! x4
The observer gazes at you. Something smites you!
You die...

........
......... #o....
.# .. #..%. ..#
...###... ..###.
....§.))###...%..
#.....)O§_..%...
....{.#))...#..
.....{#@§ox_#
.... {#§§...# #..
{{§§§oV..%&.
.....DoS###...%..
...###Ozo ..###o
.


#Gooo ..# #.S. .# ..G.. .. You could see The Meatlord, an eight-headed meat
hydra, a destroyer, 2 observers, 2 scourges, a sculptor of flesh, 2 meat
berserkers, a small abomination and 7 bags of meat.

Vanquished Creatures
  4 hell knights (D)
  Sigmund (D)
  6 hell beasts (D)
  3 greater mummies (D)
  3 great orbs of eyes (D)
  7 wraiths (D)
  17 vampire knights (D)
  35 ogres (D)
  7 two-headed ogres (D)
  7 liches (D)
  4 hydras (D)
  53 orcs (D)
  4 phantoms (D)
  2 skeletal warriors (D)
  2 sea snakes (D)
  8 large abominations (D)
  3 small abominations (D)
  5 crawling corpses (D)
171 creatures vanquished.

Vanquished Creatures (others)
  Harold (D)
  An ogre (D)
  4 orcs (D)
  4 crawling corpses (D)
10 creatures vanquished.

Grand Total: 181 creatures vanquished

Notes
Turn   | Place    | Note
-------+----------+-------------------------------------------
     0 | D        | Groucho the Demonspawn Fighter began the quest for the Orb.
     0 | D        | Reached XP level 1. HP: 18/18 MP: 1/1
     3 | D        | Noticed a bag of meat
     4 | D        | Noticed a bag of meat
     4 | D        | Noticed a bag of meat
     4 | D        | Noticed a meat berserker
     6 | D        | Noticed a bag of meat
     8 | D        | Noticed a bag of meat
     8 | D        | Noticed a meat berserker
    10 | D        | Noticed a bag of meat
    10 | D        | Became a worshipper of Makhleb the Destroyer
    11 | D        | Noticed a meat berserker
    11 | D        | Killed a bag of meat
    11 | D        | Reached skill level 15 in Fighting
    11 | D        | Reached skill level 15 in Armour
    11 | D        | Gained mutation: You are partially covered in icy blue scales. (AC +2) [demonic ancestry]
    11 | D        | Reached XP level 2. HP: 45/45 MP: 2/2
    11 | D        | Gained mutation: You are mostly covered in icy blue scales. (AC +3) [demonic ancestry]
    11 | D        | Reached XP level 3. HP: 51/51 MP: 3/3
    11 | D        | Reached XP level 4. HP: 58/58 MP: 4/4
    11 | D        | Gained mutation: You sometimes gain a little power by taking damage. [demonic ancestry]
    11 | D        | Reached XP level 5. HP: 64/64 MP: 5/5
    11 | D        | Reached XP level 6. HP: 71/71 MP: 6/6
    11 | D        | Gained mutation: When hurt, damage is shared between your health and your magic reserves. [demonic ancestry]
    11 | D        | Reached XP level 7. HP: 77/77 MP: 7/7
    11 | D        | Reached XP level 8. HP: 85/85 MP: 8/8
    11 | D        | Gained mutation: You have a pair of small antennae on your head. [demonic ancestry]
    11 | D        | Reached XP level 9. HP: 91/91 MP: 9/9
    11 | D        | Reached XP level 10. HP: 98/98 MP: 10/10
    11 | D        | Reached XP level 11. HP: 104/104 MP: 11/11
    12 | D        | Noticed a bag of meat
    12 | D        | Killed a bag of meat
    12 | D        | Reached * piety under Makhleb
    12 | D        | Reached skill level 10 in Axes
    12 | D        | Gained mutation: You have a pair of antennae on your head. [demonic ancestry]
    12 | D        | Reached XP level 12. HP: 116/116 MP: 12/12
    12 | D        | Killed a meat berserker
    12 | D        | Reached XP level 13. HP: 129/129 MP: 13/13
    12 | D        | Gained mutation: You have a pair of large antennae on your head. (SInv) [demonic ancestry]
    12 | D        | Reached XP level 14. HP: 136/136 MP: 14/14
    13 | D        | Killed a bag of meat
    13 | D        | Killed a meat berserker
    13 | D        | Reached ** piety under Makhleb
    13 | D        | Gained mutation: You are completely covered in icy blue scales. (AC +4, rC+) [demonic ancestry]
    13 | D        | Reached XP level 15. HP: 150/150 MP: 15/15
    14 | D        | Killed a meat berserker
    14 | D        | Gained mutation: You are robust. (+10% HP) [demonic ancestry]
    14 | D        | Reached XP level 16. HP: 106/178 MP: 16/16
    16 | D        | Reached *** piety under Makhleb
    18 | D        | Reached XP level 17. HP: 165/190 MP: 17/17
    21 | D        | Noticed a meat berserker
    25 | D        | Noticed a meat berserker
    27 | D        | Killed a meat berserker
    27 | D        | Reached **** piety under Makhleb
    28 | D        | Noticed a large bag of meat
    31 | D        | Killed a meat berserker
    31 | D        | Gained mutation: You sometimes gain power by taking damage. [demonic ancestry]
    31 | D        | Reached XP level 18. HP: 198/198 MP: 18/18
    33 | D        | Noticed a meat berserker
    33 | D        | Noticed a destroyer
    34 | D        | Reached skill level 27 in Axes
    35 | D        | Noticed a large bag of meat
    36 | D        | Killed a large bag of meat
    36 | D        | Reached ***** piety under Makhleb
    36 | D        | Reached skill level 27 in Dodging
    36 | D        | Reached skill level 27 in Fighting
    36 | D        | Reached skill level 10 in Unarmed Combat
    36 | D        | Gained mutation: You regenerate magic rapidly. [demonic ancestry]
    36 | D        | Reached XP level 19. HP: 176/207 MP: 19/19
    37 | D        | Noticed a destroyer
    40 | D        | Killed a destroyer
    40 | D        | Reached skill level 27 in Armour
    42 | D        | Noticed a destroyer
    42 | D        | Killed a meat berserker
    42 | D        | Reached skill level 27 in Unarmed Combat
    42 | D        | Gained mutation: When low on magic, you restore magic in place of health. [demonic ancestry]
    42 | D        | Reached XP level 20. HP: 216/216 MP: 19/24
    44 | D        | Reached skill level 10 in Spellcasting
    46 | D        | Killed a destroyer
    46 | D        | Reached ****** piety under Makhleb
    46 | D        | Reached XP level 21. HP: 224/224 MP: 21/44
    47 | D        | Reached skill level 27 in Invocations
    51 | D        | Killed a destroyer
    51 | D        | Reached skill level 27 in Spellcasting
    53 | D        | Killed a large bag of meat
    53 | D        | Gained mutation: You are very robust. (+20% HP) [demonic ancestry]
    53 | D        | Reached XP level 22. HP: 224/254 MP: 22/53
    56 | D        | Noticed a destroyer
    56 | D        | Reached skill level 15 in Throwing
    56 | D        | Reached skill level 27 in Shields
    60 | D        | Killed a destroyer
    60 | D        | Reached skill level 27 in Stealth
    60 | D        | Reached XP level 23. HP: 262/262 MP: 26/54
    61 | D        | Noticed an accursed
    61 | D        | Reached skill level 27 in Throwing
    62 | D        | Noticed a tyrant
    64 | D        | Noticed a dread
    65 | D        | Noticed a tyrant
    67 | D        | Noticed a destroyer
    67 | D        | Noticed a meat beast
    67 | D        | Killed a dread
    67 | D        | Reached XP level 24. HP: 272/272 MP: 29/54
    69 | D        | Noticed a destroyer
    70 | D        | Killed a meat beast
    70 | D        | Reached XP level 25. HP: 280/280 MP: 26/54
    70 | D        | Gained mutation: You are powered by pain. [demonic ancestry]
    70 | D        | Reached XP level 26. HP: 290/290 MP: 26/54
    71 | D        | Noticed a destroyer
    73 | D        | Killed a tyrant
    75 | D        | Noticed a meat beast
    76 | D        | Noticed a dread
    79 | D        | Killed a destroyer
    80 | D        | Noticed a large bag of meat
    80 | D        | Killed a meat beast
    80 | D        | Gained mutation: You are extremely robust. (+30% HP) [demonic ancestry]
    80 | D        | Reached XP level 27. HP: 275/323 MP: 39/54
    81 | D        | Noticed a meat beast
    81 | D        | Killed a destroyer
    83 | D        | Killed a dread
    85 | D        | Noticed a destroyer
    85 | D        | Noticed a destroyer
    86 | D        | Killed a tyrant
    87 | D        | Noticed a large bag of meat
    87 | D        | Noticed a destroyer
    87 | D        | Killed a destroyer
    87 | D        | Killed a meat beast
    88 | D        | Noticed a meat beast
    89 | D        | Noticed a destroyer
    89 | D        | Noticed an accursed
    89 | D        | Killed a destroyer
    90 | D        | Noticed a tyrant
    92 | D        | Killed a large bag of meat
    92 | D        | Killed a destroyer
    93 | D        | Noticed a destroyer
    93 | D        | Noticed The Servant
    93 | D        | Killed a destroyer
    94 | D        | Killed an accursed
    95 | D        | Killed a destroyer
    97 | D        | Noticed a destroyer
    97 | D        | Killed a meat beast
    98 | D        | Killed a large bag of meat
    99 | D        | Noticed a destroyer
    99 | D        | Killed a destroyer
    99 | D        | Killed a destroyer
   101 | D        | Noticed a tyrant
   103 | D        | Noticed a dread
   103 | D        | Noticed The Captor
   103 | D        | Killed a destroyer
   104 | D        | Noticed a tyrant
   104 | D        | Killed a tyrant
   106 | D        | Noticed a destroyer
   106 | D        | HP: 13/323 [observer/fireball (46)]
   107 | D        | HP: 6/323 [something (3)]
   107 | D        | Killed The Servant
   107 | D        | HP: 2/323 [accursed/divine providence (3)]
   109 | D        | Noticed a destroyer
   109 | D        | Killed a tyrant
   110 | D        | Killed an accursed
   110 | D        | Killed a destroyer
   110 | D        | Noticed a large bag of meat
   113 | D        | Noticed a large bag of meat
   114 | D        | Noticed a tyrant
   114 | D        | Noticed an accursed
   114 | D        | Killed a tyrant
   115 | D        | Killed The Captor
   117 | D        | Noticed a dread
   122 | D        | Noticed a fleshlord
   122 | D        | Killed a destroyer
   124 | D        | Killed a dread
   125 | D        | Noticed a fleshlord
   125 | D        | Killed a tyrant
   127 | D        | Killed a large bag of meat
   128 | D        | Killed a fleshlord
   128 | D        | Killed a dread
   130 | D        | Noticed a tyrant
   131 | D        | Noticed a dread
   131 | D        | Killed a large bag of meat
   131 | D        | Killed a tyrant
   132 | D        | Noticed a meat beast
   134 | D        | Noticed a fleshlord
   135 | D        | Killed a fleshlord
   136 | D        | Killed a meat beast
   137 | D        | Noticed a fleshlord
   137 | D        | Noticed a dread
   137 | D        | Killed a fleshlord
   138 | D        | Noticed a meat beast
   138 | D        | Killed a dread
   138 | D        | Killed a meat beast
   139 | D        | Noticed a large bag of meat
   139 | D        | Noticed a dread
   141 | D        | Killed an accursed
   141 | D        | Killed a dread
   142 | D        | Killed a fleshlord
   143 | D        | Noticed a destroyer
   144 | D        | Killed a large bag of meat
   144 | D        | Killed a dread
   146 | D        | Noticed a destroyer
   146 | D        | Killed a destroyer
   147 | D        | Noticed The Meatlord
   147 | D        | HP: 11/321 [something (16)]
   147 | D        | Killed from afar by an observer

Skill      XL: |  1  2  3  4  5  6  7  8  9 10 11 12 13 14 15 16 17 18 19 20 21 22 23 |
---------------+----------------------------------------------------------------------+-----
Fighting       | 15 18 20 23 25 26 27 | 27.0
Axes           | 9 10 13 16 17 20 26 27 | 27.0
Armour         | 15 17 19 21 23 24 25 27 | 27.0
Shields        | 14 16 19 21 22 23 26 27 | 27.0
Dodging        | 9 21 27 | 27.0
Unarmed Combat | 10 27 | 27.0
Spellcasting   | 2 19 27 | 27.0
Invocations    | 4 25 27 | 27.0
Throwing       | 13 25 27 | 27.0
Stealth        | 14 27 | 27.0

Action                   |  1- 3 |  4- 6 |  7- 9 | 10-12 | 13-15 | 16-18 | 19-21 | 22-24 | 25-27 || total
-------------------------+-------+-------+-------+-------+-------+-------+-------+-------+-------++-------
Melee: Executioner's axe |     1 |       |       |     1 |     2 |     8 |     8 |     8 |    67 ||    95
  Use: Potion            |     1 |       |       |       |       |       |       |       |     1 ||     2
Armor: Scale mail        |       |       |       |       |       |     1 |       |     1 |     4 ||     6
Dodge: Dodged            |       |       |       |       |       |     1 |       |     2 |    10 ||    13
